AoeStats
← |GaoeG| flamingo

Oasis

510165638Analyzed
4v4 RM · 1d ago on Sep 29, 2026· 34m 27s· 8 players
Game mode
Random Map
Map size
Large (8 player)
Population
200
Speed
Normal
Resources
Standard
Victory
Conquest
Starting age
Dark Age
Ending age
Imperial Age
RankedLock teamsTeams togetherTeam positionsShared explorationLock speedFull tech treeHidden civsTurbo modeCheats
Victory
Defeat
🇩🇪 Tatars · Germany
1516
+11
🇦🇷 Celts · Argentina
1475
+12
🇩🇪 Chinese · Germany
1469
+13
🇩🇪 Inca · Germany
1446
+13
🇪🇸 Bohemians · Spain
1441
-14
🇪🇸 Dravidians · Spain
1411
-13
🇪🇸 Franks · Spain
1365
-11
🇪🇸 Malay · Spain
1362
-11
Kempinho
10:35 Feudal Age
14:06 Castle Age
12:49 Horse Collar
12:57 Double-Bit Axe
13:03 Gold Mining
14:21 Scale Mail Armor
14:56 Bow Saw
15:21 Chain Mail Armor
15:28 Horse Collar
15:44 Loom
16:47 Pikeman
26:49 Squires
29:49 Forging
32:06 Iron Casting
软脚虾3号
0:28 Loom
9:58 Feudal Age
10:53 Town Watch
13:40 Castle Age
12:00 Double-Bit Axe
12:24 Horse Collar
15:22 Bow Saw
21:59 Heavy Plow
22:25 Fletching
24:45 Wheelbarrow
25:45 Hand Cart
25:50 Bodkin Arrow
30:36 Imperial Age
27:58 Gold Mining
28:01 Stone Mining
28:22 Padded Archer Armor
30:07 Leather Archer Armor
30:00 Thumb Ring
31:39 Ballistics
32:19 Chemistry
31:20 Bracer
32:05 Conscription
32:30 Ring Archer Armor
31:37 Heavy Scorpion
33:23 Rocketry
34:18 Two-Man Saw
elchinaleikazo
6:25 Loom
9:20 Feudal Age
10:13 Double-Bit Axe
16:56 Fletching
19:50 Wheelbarrow
19:45 Padded Archer Armor
21:03 Town Watch
23:51 Castle Age
23:56 Crossbowman
24:33 Bodkin Arrow
25:08 Hand Cart
26:07 Ballistics
29:04 Town Watch
33:36 Imperial Age
eraycoskun33
5:52 Loom
11:43 Feudal Age
14:06 Double-Bit Axe
16:49 Wheelbarrow
16:39 Fletching
22:19 Castle Age
29:07 Guard Tower
29:30 Bodkin Arrow
Skofilus
6:55 Loom
9:14 Feudal Age
9:55 Double-Bit Axe
12:24 Town Watch
14:20 Fletching
20:30 Castle Age
19:14 Padded Archer Armor
18:55 Horse Collar
20:33 Crossbowman
21:30 Bodkin Arrow
25:03 Ballistics
25:46 Chemistry
25:11 Ballistics
25:08 Leather Archer Armor
26:51 Wheelbarrow
27:21 Bow Saw
30:29 Imperial Age
29:29 Ballistics
31:27 Bracer
30:51 Arbalester
32:01 Hand Cart
31:49 Heavy Plow
32:49 Ring Archer Armor
|GaoeG| Tifus
11:12 Feudal Age
9:27 Loom
10:10 Loom
15:04 Castle Age
16:33 Husbandry
17:48 Horse Collar
22:23 Scale Barding Armor
27:43 Light Cavalry
30:28 Light Cavalry
31:13 Double-Bit Axe
31:32 Gold Mining
|GaoeG| flamingo
7:02 Loom
9:46 Feudal Age
10:42 Double-Bit Axe
14:54 Town Watch
19:48 Wheelbarrow
23:24 Castle Age
21:27 Gold Mining
23:32 Fletching
24:42 Bodkin Arrow
24:48 Padded Archer Armor
JITANOmaleant7
7:05 Loom
10:16 Feudal Age
10:50 Double-Bit Axe
11:59 Man-at-Arms
19:41 Castle Age
17:56 Gold Mining
18:00 Horse Collar
21:34 Bow Saw
22:05 Wheelbarrow
23:18 Scale Barding Armor
23:24 Forging
23:27 Heavy Plow
23:43 Husbandry
25:31 Scale Barding Armor
29:19 Chain Barding Armor
33:05 Forging
Connection lost

Rejoining the realm…

Still unreachable

The connection could not be restored.

Session expired

The server has moved on; the page needs a fresh start.